Map: Ley Lines

Players

Vaisravana

  • Race: Protoss Protoss
  • Spawn Location: 1:00

KAZUMO - Winner!

  • Race: Zerg Zerg
  • Spawn Location: 7:00

VOD

Have the link to the VOD?

Description

Time

  • Played on: Aug. 4, 2025, 8:59 p.m.
  • Length: 6:45
Show
View Real Time Build Order
Export as new Build Order

Vaisravana Protoss 

Build Orders: 1 Gate Expand 

Get SALT Encoding   

  12  0:00  Probe  
  13  0:12  Probe  
  14  0:18  Pylon  
  14  0:24  Probe  
  15  0:34  Probe  
  15  0:39  Gateway  
  15  0:42  Probe  
  16  0:48  Assimilator  
  17  0:51  Probe  
  18  1:03  Probe  
  19  1:15  Probe  
  20  1:27  Probe  
  20  1:28  Nexus  
  21  1:40  Cybernetics Core  
  21  1:43  Probe  
  22  1:48  Assimilator  
  22  1:56  Pylon, Probe  
  23  2:07  Stalker  
  23  2:14  Probe  
  26  2:32  Probe  
  26  2:33  Stargate  
  27  2:38  Probe  
  27  2:40  Probe  
  28  2:50  Adept  
  31  2:53  Probe x2  
  33  3:05  Probe x2  
  35  3:09  Assimilator  
  35  3:17  Probe x2  
  37  3:21  Fleet Beacon  
  37  3:24  Assimilator  
  37  3:29  Probe x2  
  39  3:36  Stargate  
  39  3:41  Probe x2  
  39  3:43  Pylon  
  41  3:51  Tempest  
  41  3:53  Probe x2  
  43  4:05  Probe x2  
  49  4:10  Pylon  
  49  4:13  Tempest  
  53  4:24  Probe  
  53  4:26  Tempest  
  53  4:28  Probe  
  55  4:34  Flux Vanes  
  59  4:47  Pylon  
  59  4:48  Pylon  
  59  5:01  Probe x2  
  65  5:10  Void Ray  
  65  5:13  Probe  
  66  5:18  Pylon  
  66  5:19  Pylon  
  66  5:20  Probe  
  71  5:21  Void Ray  
  71  5:25  Probe  
  72  5:39  Stalker  
  41  6:22  Probe  
Show
View Real Time Build Order
Export as new Build Order

KAZUMO Zerg - Winner!

Build Orders: Hatch First 

Get SALT Encoding   

  12  0:00  Drone  
  13  0:08  Drone  
  13  0:13  Extractor  
  13  0:15  Drone  
  15  0:23  Overlord  
  15  0:42  Drone  
  16  0:45  Hatchery  
  16  0:49  Drone  
  16  0:53  Drone  
  17  1:02  Drone  
  18  1:07  Extractor  
  17  1:15  Spawning Pool  
  17  1:17  Drone  
  17  1:20  Drone  
  18  1:27  Drone  
  19  1:37  Drone  
  20  1:48  Overlord  
  20  2:02  Queen, Drone x2  
  20  2:03  Queen  
  26  2:08  Drone  
  26  2:12  Metabolic Boost  
  27  2:16  Drone  
  27  2:19  Drone  
  27  2:21  Drone  
  30  2:31  Drone  
  30  2:32  Drone  
  32  2:43  Hatchery  
  31  2:45  Drone  
  31  2:47  Overlord  
  32  3:00  Evolution Chamber  
  32  3:03  Drone x2  
  35  3:07  Drone  
  35  3:09  Overlord  
  36  3:13  Drone x2  
  38  3:20  Overlord  
  38  3:28  Zerg Melee Weapons Level 1  
  38  3:34  Spore Crawler  
  38  3:38  Drone x3  
  38  3:41  Lair  
  38  3:42  Queen  
  38  3:44  Drone x3  
  43  3:53  Spore Crawler  
  42  3:56  Queen  
  42  4:02  Drone x5  
  49  4:12  Zergling x2  
  49  4:13  Spore Crawler, Zergling x6  
  49  4:15  Zergling x4  
  54  4:18  Zergling x2  
  54  4:24  Overlord, Zergling x4  
  57  4:26  Zergling x2  
  58  4:33  Overlord x2  
  58  4:43  Zergling x2  
  58  4:44  Zergling x10  
  64  4:50  Overlord, Zergling x2  
  64  4:51  Overlord, Hydralisk Den  
  64  4:52  Zergling x2  
  65  4:54  Extractor, Overseer  
  65  4:57  Zergling x2  
  65  4:59  Zergling x2  
  67  5:00  Zergling x4  
  67  5:05  Zergling x6  
  72  5:14  Zergling x8  
  72  5:15  Zergling x2  
  76  5:25  Hydralisk x2  
  80  5:40  Hydralisk  
  79  5:48  Hydralisk  
  76  6:06  Hydralisk  
  66  6:18  Zergling x12  
  66  6:19  Zergling x10  
  66  6:23  Spore Crawler x2  
  66  6:24  Spore Crawler  
  76  6:26  Spore Crawler  
Tags
 
Add a new tag
Caveats
  • Supply blocks, unpowered buildings, or Contaminate may cause inaccurate times.
  • Supply counts are checked every 10 seconds.